 Dungeon Crawl Stone Soup version 0.20.0-15-g7f486f2 (webtiles) character file.

18075 Peloso the Blocker (level 12, -2/106 HPs)
             Began as a Minotaur Fighter on June 25, 2017.
             Was the Champion of Okawaru.
             Slain by a troll (shapeshifter) (10 damage)
             ... on level 13 of the Dungeon.
             The game lasted 00:39:26 (12337 turns).

Peloso the Blocker (Minotaur Fighter)              Turns: 12337, Time: 00:39:27

Health: -2/106     AC: 19    Str: 23    XL:     12   Next: 24%
Magic:  0/4        EV:  9    Int:  5    God:    Okawaru [******]
Gold:   344        SH: 16    Dex: 17    Spells: 11/11 levels left

rFire    . . .     SeeInvis .   b - +1 double sword (antimagic)
rCold    . . .     Gourm    .   q - +2 shield
rNeg     . . .     Faith    +   Q - +0 plate armour
rPois    .         Spirit   +   x - +1 hat
rElec    .         Reflect  .   R - scarf {Spirit}
rCorr    .         Harm     .   p - +0 pair of gloves
MR       +....                  c - +1 pair of boots
Stlth    ..........             J - amulet of faith
Regen    0.3/turn               i - +4 ring of dexterity
MPRegen  0.1/turn               k - ring of protection from magic

@: no status effects
A: retaliatory headbutt, horns 2
a: Heroism, Finesse, Renounce Religion


You were on level 13 of the Dungeon.
You worshipped Okawaru.
Okawaru was exalted by your worship.
You were not hungry.

You visited 2 branches of the dungeon, and saw 14 of its levels.
You also visited: Sewer.

You collected 695 gold pieces.
You spent 351 gold pieces at shops.

Inventory:

Hand Weapons
 a - a +1 long sword
 b - a +1 antimagic double sword (weapon)
 M - a +4 falchion
Armour
 c - a +1 pair of boots (worn)
 p - a +0 pair of gloves (worn)
 q - a +2 shield (worn)
 x - a +1 hat (worn)
 Q - a +0 plate armour (worn)
 R - a scarf of spirit shield (worn)
Jewellery
 i - a +4 ring of dexterity (left hand)
 k - a ring of protection from magic (right hand)
 l - an uncursed ring of protection from magic
 H - an uncursed ring of ice
 J - an amulet of faith (around neck)
 V - a +1 ring of protection
Wands
 z - a wand of polymorph (4/24)
 C - a wand of disintegration (10/24)
 F - a wand of paralysis (11/24)
 T - a wand of enslavement (9/24)
 U - a wand of flame (32/48)
Scrolls
 e - 9 scrolls of remove curse
 g - 3 scrolls of enchant weapon
 h - 6 scrolls of identify
 m - 4 scrolls of fear
 u - 5 scrolls of teleportation
 v - 3 scrolls of magic mapping
 A - 4 scrolls of recharging
 D - a scroll of blinking
 G - 4 scrolls of enchant armour
 K - a scroll of amnesia
Potions
 d - a potion of magic {unknown}
 r - 3 potions of agility
 s - 5 potions of curing
 t - 4 potions of flight
 w - 3 potions of brilliance
 E - a potion of haste
 L - a potion of resistance
 O - 2 potions of ambrosia
 S - a potion of invisibility
Books
 y - a book of Flames

   Spells                             Type                      Level
   a - Flame Tongue                   Conjuration/Fire             1
   b - Throw Flame                    Conjuration/Fire             2
   c - Conjure Flame                  Conjuration/Fire             3
   d - Inner Flame                    Hexes/Fire                   3
   e - Sticky Flame                   Conjuration/Fire             4
   f - Fireball                       Conjuration/Fire             5
 B - a book of Minor Magic

   Spells                             Type                      Level
   a - Magic Dart                     Conjuration                  1
   b - Blink                          Translocation                2
   c - Call Imp                       Summoning                    2
   d - Slow                           Hexes                        2
   e - Conjure Flame                  Conjuration/Fire             3
   f - Mephitic Cloud                 Conjuration/Poison/Air       3
 N - a book of Frost

   Spells                             Type                      Level
   a - Freeze                         Ice                          1
   b - Throw Frost                    Conjuration/Ice              2
   c - Ozocubu's Armour               Charms/Ice                   3
   d - Throw Icicle                   Conjuration/Ice              4
   e - Summon Ice Beast               Ice/Summoning                4
 P - a book of Power

   Spells                             Type                      Level
   a - Iskenderun's Battlesphere      Conjuration/Charms           5
   b - Venom Bolt                     Conjuration/Poison           5
   c - Bolt of Magma                  Conjuration/Fire/Earth       5
   d - Iron Shot                      Conjuration/Earth            6
   e - Orb of Destruction             Conjuration                  7
   f - Spellforged Servitor           Conjuration/Summoning        7
Comestibles
 f - 8 bread rations
 j - 3 chunks of flesh
 n - 8 royal jellies
 o - 4 meat rations
 I - 4 fruits


   Skills:
 + Level 10.2 Fighting
 + Level 13.1 Long Blades
 + Level 10.8 Armour
 + Level 3.5 Dodging
 + Level 1.5 Stealth
 + Level 13.6 Shields
 + Level 1.6 Invocations


You had 11 spell levels left.
You didn't know any spells.

Dungeon Overview and Level Annotations

Branches:
Dungeon (13/15)            Temple (1/1) D:6            Lair (0/6) D:11
    Orc (0/2) D:9
 Vaults: D:13-14

Altars:
Ashenzari
Cheibriados
Dithmenos
Fedhas
Gozag
Hepliaklqana
Kikubaaqudgha
Makhleb
Nemelex Xobeh
Okawaru
Qazlal
Ru
Sif Muna
Trog
Uskayaw
Xom
Yredelemnul
Zin
The Shining One

Shops:
D:5 :   D:10 ?


Innate Abilities, Weirdness & Mutations

You reflexively headbutt those who attack you in melee.
You have a pair of horns on your head.


Message History

The gargoyle is severely damaged.
The troll bites you! You block the troll's attack. The troll barely misses you.
The gargoyle hurls a stone arrow at you.
The stone arrow hits you! You block the bullfrog zombie's attack.
The gargoyle hurls a stone arrow at you.
You block the stone arrow.
The bullfrog zombie hits you but does no damage.
The gargoyle hurls a stone arrow at you.
The stone arrow hits you!
* * * LOW HITPOINT WARNING * * *
You barely miss the troll. You headbutt the troll!
The troll is moderately wounded.
You block the bullfrog zombie's attack. The troll bites you but does no damage.
You block the troll's attack. The troll claws you but does no damage.
The gargoyle hits you with a flail.
* * * LOW HITPOINT WARNING * * *
You block the bullfrog zombie's attack. The troll bites you!
* * * LOW HITPOINT WARNING * * *
You block the troll's attack. The troll claws you!
You die...

#.............#
#########'#####
#........#
##'############
#.((...........
+..............
#.....)........
#....TZ99......
#....@.........
#......>.......
#####+#########


You could see a troll shaped shifter, 2 gargoyles and a bullfrog zombie.

Vanquished Creatures
  Snorg (D:10)
  2 hydras
  A centaur warrior (D:13)
  3 two-headed ogres
  Urug (D:12)
  3 unseen horrors
  A deep elf mage (D:12)
  A cyclops (D:11)
  Joseph (D:8)
  A gargoyle (D:12)
  Psyche (D:10)
  A komodo dragon (D:12)
  A queen bee (D:12)
  3 hippogriffs
  Sigmund (D:4)
  6 yaks (D:12)
  2 wyverns
  2 wraiths
  Grum (D:9)
  Menkaure (D:4)
  3 vampire mosquitoes (D:13)
  A water moccasin (D:4)
  6 orc warriors
  2 sky beasts (D:6)
  A hornet zombie (D:12)
  2 black bears
  A necrophage (D:11)
  2 phantoms
  2 ice beasts (D:5)
  2 ogres
  4 wolves (D:9)
  5 centaurs
  A crocodile (D:10)
  3 big kobolds
  9 bullfrogs
  29 killer bees
  3 wights (D:7)
  2 howler monkeys (D:8)
  2 crimson imps (D:11)
  3 orc priests
  2 centaur skeletons
  8 hounds
  6 iguanas
  3 jellies
  3 orc wizards
  Jessica (D:3)
  9 worker ants
  A hound zombie (D:5)
  A worker ant zombie (D:7)
  2 river rats (D:5)
  13 adders
  4 shadow imps
  8 oozes
  An adder skeleton (D:4)
  7 worms
  A dart slug (D:2)
  13 leopard geckos
  51 orcs
  4 giant cockroaches
  7 goblins
  5 hobgoblins
  15 jackals
  5 quokkas
  2 ball pythons
  9 bats
  4 frilled lizards
  13 kobolds
  6 rats
  A spectral orc (D:4)
322 creatures vanquished.

Notes
Turn   | Place    | Note
-------+----------+-------------------------------------------
     0 | D:1      | Peloso the Minotaur Fighter began the quest for the Orb.
     0 | D:1      | Reached XP level 1. HP: 19/19 MP: 0/0
    86 | D:1      | Reached XP level 2. HP: 27/27 MP: 1/1
   877 | D:2      | Reached XP level 3. HP: 33/33 MP: 2/2
  1502 | D:3      | Reached XP level 4. HP: 41/41 MP: 3/3
  1530 | D:3      | Found an opulent altar of Gozag.
  1730 | D:3      | Noticed Jessica
  1734 | D:3      | Killed Jessica
  1750 | D:3      | Found a hazy altar of Hepliaklqana.
  2219 | D:3      | Reached XP level 5. HP: 47/47 MP: 4/4
  2379 | D:4      | Noticed Sigmund
  2392 | D:4      | Killed Sigmund
  2392 | D:4      | Reached skill level 5 in Long Blades
  2392 | D:4      | Reached skill level 5 in Shields
  2392 | D:4      | Reached XP level 6. HP: 47/53 MP: 5/5
  2490 | D:4      | Noticed a water moccasin
  2498 | D:4      | Killed a water moccasin
  2498 | D:4      | Reached skill level 1 in Dodging
  2557 | D:4      | Found a basalt altar of Yredelemnul.
  2653 | D:4      | Noticed Menkaure
  2661 | D:4      | Killed Menkaure
  2661 | D:4      | Reached skill level 5 in Armour
  2661 | D:4      | Reached XP level 7. HP: 44/60 MP: 6/6
  2776 | D:4      | Reached skill level 5 in Fighting
  2928 | D:5      | Entered Level 5 of the Dungeon
  2928 | D:5      | Found Sotwon's Book Shop.
  3008 | D:5      | Found a glowing drain.
  3012 | Sewer    | Entered a sewer
  4030 | D:5      | Reached XP level 8. HP: 69/69 MP: 7/7
  4498 | D:6      | Found a blossoming altar of Fedhas.
  4502 | D:6      | Found a shadowy altar of Dithmenos.
  4502 | D:6      | Found a sparkling altar of Nemelex Xobeh.
  4651 | D:6      | Found a staircase to the Ecumenical Temple.
  4660 | Temple   | Entered the Ecumenical Temple
  4768 | Temple   | Became a worshipper of Warmaster Okawaru
  4992 | D:7      | Reached XP level 9. HP: 71/75 MP: 8/8
  5273 | D:7      | Reached skill level 1 in Stealth
  5513 | D:7      | Found a sacrificial altar of Ru.
  6022 | D:8      | Noticed Joseph
  6041 | D:8      | Killed Joseph
  6041 | D:8      | Reached * piety under Okawaru
  6041 | D:8      | Reached skill level 10 in Long Blades
  6135 | D:8      | Reached ** piety under Okawaru
  6409 | D:8      | Found a deep blue altar of Sif Muna.
  6532 | D:8      | Noticed a two-headed ogre
  6547 | D:8      | Killed a two-headed ogre
  6547 | D:8      | Reached *** piety under Okawaru
  6547 | D:8      | Reached XP level 10. HP: 22/86 MP: 9/9
  7284 | D:9      | Reached skill level 10 in Shields
  7308 | D:9      | Found a staircase to the Orcish Mines.
  7443 | D:9      | Noticed Grum
  7455 | D:9      | Reached **** piety under Okawaru
  7460 | D:9      | Killed Grum
  7681 | D:9      | Found a shimmering altar of Xom.
  7881 | D:9      | Found a stormy altar of Qazlal.
  8032 | D:10     | Entered Level 10 of the Dungeon
  8057 | D:10     | Noticed Snorg
  8366 | D:10     | Noticed a two-headed ogre
  8375 | D:10     | Killed a two-headed ogre
  8652 | D:10     | Noticed Psyche
  8659 | D:10     | Killed Psyche
  8789 | D:10     | Reached ***** piety under Okawaru
  8905 | D:10     | Found Ygoaset's Magic Scroll Shoppe.
  8911 | D:10     | Bought a scroll of enchant armour for 112 gold pieces
  8911 | D:10     | Bought a scroll of teleportation for 45 gold pieces
  8911 | D:10     | Bought a scroll of fear for 52 gold pieces
  8911 | D:10     | Bought a scroll of enchant armour for 112 gold pieces
  8911 | D:10     | Bought a scroll of identify for 30 gold pieces
  9452 | D:11     | Found a staircase to the Lair.
  9594 | D:10     | Killed an unseen horror
  9594 | D:10     | Reached XP level 11. HP: 19/95 MP: 7/10
  9939 | D:11     | Noticed an eight-headed hydra
  9984 | D:10     | Killed Snorg
 10339 | D:11     | Killed a 13-headed hydra
 10683 | D:11     | Received a gift from Okawaru
 11008 | D:12     | Reached skill level 1 in Invocations
 11023 | D:12     | Killed an unseen horror
 11023 | D:12     | Reached skill level 10 in Armour
 11395 | D:12     | Noticed Urug
 11411 | D:12     | Killed Urug
 11442 | D:12     | Noticed a four-headed hydra
 11445 | D:12     | Reached ****** piety under Okawaru
 11455 | D:12     | Killed a seven-headed hydra
 11455 | D:12     | Received a gift from Okawaru
 11733 | D:12     | Killed an unseen horror
 11733 | D:12     | Reached XP level 12. HP: 93/106 MP: 4/12
 11889 | D:12     | Reached skill level 10 in Fighting
 12174 | D:13     | Noticed a two-headed ogre
 12226 | D:13     | Killed a two-headed ogre
 12319 | D:13     | Noticed a centaur warrior
 12325 | D:13     | Killed a centaur warrior
 12337 | D:13     | Slain by a troll (shapeshifter)

Skill      XL: |  1  2  3  4  5  6  7  8  9 10 11 12 |
---------------+-------------------------------------+-----
Fighting       | 4 5 6 7 8 9 10 | 10.2
Shields        | 4 5 6 7 8 9 11 13 | 13.6
Armour         | 4 5 6 7 9 10 | 10.8
Long Blades    | 3 5 7 9 10 11 12 13 | 13.1
Dodging        | 1 2 3 |  3.5
Stealth        | 1 |  1.5
Invocations    | 1 |  1.6

Action                   |  1- 3 |  4- 6 |  7- 9 | 10-12 || total
-------------------------+-------+-------+-------+-------++-------
Melee: Long sword        |    75 |    75 |   234 |       ||   384
       Headbutt          |    12 |    17 |    92 |   164 ||   285
       Falchion          |       |       |   118 |   409 ||   527
       Double sword      |       |       |       |   106 ||   106
Invok: Heroism           |       |       |       |     8 ||     8
       Finesse           |       |       |       |     1 ||     1
  Use: Scroll            |     6 |     5 |     9 |    12 ||    32
       Potion            |     1 |       |     3 |     4 ||     8
  Eat: Chunk             |     1 |     4 |    14 |    18 ||    37
       Fruit             |       |       |       |     1 ||     1
Armor: Scale mail        |    22 |       |       |       ||    22
       Chain mail        |    13 |    36 |   130 |    17 ||   196
       Plate armour      |       |       |       |   270 ||   270
Dodge: Dodged            |    16 |    12 |   115 |   142 ||   285
Block: Shield            |    41 |    48 |   288 |   493 ||   870
       Rpst.: Long sword |     5 |     4 |    21 |       ||    30
       Falchion          |       |       |     8 |    27 ||    35
       Double sword      |       |       |       |     7 ||     7
